AoeStats
← Bananaman651

Arabia

510435073Analyzed
4v4 RM · 2d ago on Oct 1, 2026· 18m 54s· 8 players
Game mode
Random Map
Map size
Large (8 player)
Population
200
Speed
Normal
Resources
Standard
Victory
Conquest
Starting age
Dark Age
Ending age
Imperial Age
RankedLock teamsTeams togetherTeam positionsShared explorationLock speedFull tech treeHidden civsTurbo modeCheats
Victory
Defeat
🇲🇽 Ethiopians · Mexico
1483
+17
🇲🇽 Britons · Mexico
1479
+17
🇺🇸 Magyars · United States
1432
+19
🇲🇽 Franks · Mexico
1362
+21
🇦🇷 Magyars · Argentina
1545
-21
🇹🇼 Byzantines · Taiwan
1515
-19
🇦🇷 Persians · Argentina
1474
-18
🇨🇿 Ethiopians · Czechia
1433
-16
[TOX2] A-c-Syno-666
6:26 Loom
8:39 Feudal Age
10:20 Double-Bit Axe
15:52 Horse Collar
Bananaman651
6:57 Loom
9:21 Feudal Age
15:07 Fletching
16:19 Padded Archer Armor
19:14 Wheelbarrow
ss839059
7:41 Loom
9:59 Feudal Age
Lauti
6:10 Loom
9:22 Feudal Age
10:06 Double-Bit Axe
18:36 Scale Barding Armor
MZTK | Puppet
6:50 Loom
9:01 Feudal Age
10:33 Double-Bit Axe
18:04 Forging
18:00 Scale Barding Armor
MZTK | Orocar
5:04 Loom
9:18 Feudal Age
9:23 Man-at-Arms
12:40 Fletching
14:18 Town Watch
18:42 Padded Archer Armor
Fs.Caboclo
6:43 Loom
9:22 Feudal Age
10:10 Double-Bit Axe
14:41 Scale Barding Armor
19:18 Wheelbarrow
MZTK | V
6:44 Loom
9:34 Feudal Age
14:00 Fletching
Connection lost

Rejoining the realm…

Still unreachable

The connection could not be restored.

Session expired

The server has moved on; the page needs a fresh start.